cohdb
Replays
Latest Replays
All Replays
Popular Replays
Top Player Replays
Match Explorer
How It Works
Community
CoH3 Stats
Reddit
Sign in to upload your games and track your stats! →
Sign in with Steam
Match 41213759
Unlisted
Match 41213759
Overview
Messages
Build Orders
End
Kradschützen Motorcycle Team
Panzergrenadier Squad
Panzergrenadier Squad
250 Light Carrier
Construct Light Support Kompanie
Combat Half-tracks
Panzerjäger Mechanized Group
Fire Support Elements
MG34 Team
Panzerjäger Squad
Construct Mechanized Kompanie
Panzerjäger Mechanized Group
Selects Armored Support Battlegroup
Selects Veteran Gunners
Selects Salvage Kits
Selects Panzer Storm
StuG III D Assault Gun
Vehicle Survival Package
Panzergrenadier Squad
(502) Bad Gateway
Jarl
0
0
Comments
sign in to comment!
No comments posted yet!